 Dungeon Sprint DCSS version 0.30-a0-305-g026cb31310 (webtiles) character file.

Game seed: 1765366454424984621

45 mhtbhm the Covered (level 3, -1/35 HPs)
             Began as an Armataur Fighter on Oct 23, 2022.
             Splashed by a jelly's acid (7 damage)
             ... in the Dungeon (Sprint IX: "|||||||||||||||||||||||||||||").
             The game lasted 00:00:09 (44 turns).

mhtbhm the Covered (Armataur Fighter)                 Turns: 44, Time: 00:00:10

Health: -1/35      AC:  0    Str: 23    XL:     3   Next: 42%
Magic:  3/3        EV:  7    Int:  8    God:
Gold:   0          SH:  4    Dex:  9    Spells: 2/2 levels left

rFire   . . .      SeeInvis .    a - +0 flail
rCold   . . .      Faith    .    c - +0 buckler
rNeg    . . .      Spirit   .    b - +0 scale mail
rPois   .          Reflect  .    (no helmet)
rElec   .          Harm     .    (no cloak)
rCorr   .          Roll     +    (no gloves)
Will    .....      NoTele   +    (no barding)
Stlth   ..........               (no amulet)
HPRegen 0.25/turn                (no ring)
MPRegen 0.08/turn                (no ring)

@: corroded
A: large, rugged brown scales 3, deformed body, armoured tail, roll, long
tongue, awkward tongue
a: no special abilities


You were in the Dungeon.
You visited 1 branch

Inventory:

Hand Weapons
 a - a +0 flail (weapon)
Armour
 b - a +0 scale mail (worn)
 c - a +0 buckler (worn)
Scrolls
 j - a scroll of blinking
Potions
 d - a potion of might
 f - a potion of heal wounds
 g - a potion of haste
 h - 2 potions of magic
 i - a potion of berserk rage


   Skills:
 + Level 4.1 Fighting
 + Level 2.5 Maces & Flails
 + Level 5.9 Armour
 + Level 0.4 Dodging
 + Level 5.2 Shields


You had 2 spell levels left.
You didn't know any spells.
Your spell library was empty.

Dungeon Overview and Level Annotations

Branches:
Dungeon (1/1)

Altars:


Innate Abilities, Weirdness & Mutations

You are completely covered in rugged brown scales. (AC +3, +7% HP)
Armour fits poorly on your strangely shaped body.
You have a long armoured tail.
You roll when moving toward enemies. (Rampage)
Your long tongue fully drains potion bottles. (2x potion effects)
Your tongue gives you trouble enunciating. (1.5x scroll delay)


Message History

You kill the adder!
You feel sick. The hound barely misses you.
Your Armour skill increases to level 5!
You have reached level 2!
Unknown command.
You slurp down every last drop of the potion of curing!
You feel better. The hound completely misses you. You block the hound's attack.
You barely miss the hound. The hound bites you. x2
You miss the hound. The hound bites you.
The hound bites you but does no damage.
You completely miss the hound. The hound bites you but does no damage.
You hit the hound.
The hound is lightly wounded.
The hound bites you. x2
You sock the hound!
The hound is almost dead.
You block the hound's attack. x2
You sock the hound!
You kill the hound!
The jelly hits you. The acid corrodes you!
You are splashed with acid!
Your Fighting skill increases to level 4!
Your Shields skill increases to level 5!
You have reached level 3!
Your experience leads to an increase in your attributes!
Increase (S)trength, (I)ntelligence, or (D)exterity?
You feel stronger. x2
You hit the jelly.
Your hands burn!
The jelly is moderately wounded.
The jelly hits you but does no damage.
You sock the jelly! The acid corrodes you!
Your hands burn!
* * * LOW HITPOINT WARNING * * *
The jelly is severely wounded.
You block the jelly's attack.
You hit the jelly.
Your hands burn!
* * * LOW HITPOINT WARNING * * *
The jelly is severely wounded.
The jelly hits you.
* * * LOW HITPOINT WARNING * * *
The acid corrodes you!
You are splashed with acid!
You die...

▓.▓
▓.▓
▓†▓
▓.▓
▓.▓
▓.▓
▓.▓
▓.▓
▓@▓
▓J▓
▓o▓
▓.▓
▓.▓
▓.▓
▓+▓


You could see a jelly and an orc.

Vanquished Creatures
  A hound (D)
  An adder (D)
  An orc (D)
  A hobgoblin (D)
  A quokka (D)
  A bat (D)
  2 rats (D)
8 creatures vanquished.

Notes
Turn   | Place    | Note
-------+----------+-------------------------------------------
     0 | D        | mhtbhm the Armataur Fighter began the quest for the Orb.
     0 | D        | Reached XP level 1. HP: 19/19 MP: 1/1
    21 | D        | Noticed a hound
    21 | D        | Noticed a jelly
    35 | D        | Reached skill level 5 in Armour
    35 | D        | Reached XP level 2. HP: 20/27 MP: 2/2
    42 | D        | Reached skill level 5 in Shields
    42 | D        | Reached XP level 3. HP: 17/35 MP: 3/3
    44 | D        | Splashed by a jelly's acid

Illustrated notes

Levels and vault maps discovered:
D:        linesprint [early_d, line_temple, items_1, d_10, items_2, lair_1,
          lair_end, items_3, orc_1, orc_end, items_4, d_15, swamp_1, shoals_1,
          snake_1, spider_1, d_20, vaults_1, items_5, swamp_end, shoals_end,
          snake_end, spider_end, vaults_end, d_27, items_6, zot_1, zot_end,
          crypt_end, forest_end, elf_end, slime_end, tomb_end, abyss_end,
          pan_hell_end]

Skill      XL: |  1  2 |
---------------+-------+-----
Fighting       | 3 4 |  4.1
Armour         | 5 |  5.9
Maces & Flails | 2 |  2.5
Shields        | 4 5 |  5.2
Dodging        | |  0.4

Action                   || total
-------------------------++-------
Melee: Flail             ||    35
       Tailslap          ||     1
  Use: Potion            ||     1
Armor: Scale mail        ||    18
Dodge: Dodged            ||    12
Block: Buckler           ||    11

Table legend: (Time is in decaauts)
 A = Elapsed time spent in this place.
 B = Non-inter-level travel time spent in this place.
 C = Inter-level travel time spent in this place.
 D = Time resting spent in this place.
 E = Time spent auto-exploring this place.
 F = Levels seen in this place.
 G = Mean time per level.
                   A        B        C        D        E       F      G
               +--------+--------+--------+--------+--------+-----+--------+
         Total |     54 |     54 |      0 |      0 |      3 |   1 |   54.0 |
       Dungeon |     54 |     54 |      0 |      0 |      3 |   1 |   54.0 |
               +--------+--------+--------+--------+--------+-----+--------+

Top non-repeatable levels by time:
       D: 54 daAuts
